AoeStats
← ASneakyPoop

Lombardia

507694417Analyzed
2v2 RM · 13d ago on Sep 19, 2026· 46m 19s· 4 players
Game mode
Random Map
Map size
Medium (4 player)
Population
200
Speed
Normal
Resources
Standard
Victory
Conquest
Starting age
Dark Age
Ending age
Imperial Age
RankedLock teamsTeams togetherTeam positionsShared explorationLock speedFull tech treeHidden civsTurbo modeCheats
Victory
Defeat
🇪🇸 Jurchens · Spain
972
+16
🇺🇸 Magyars · United States
960
+18
🇧🇷 Italians · Brazil
985
-17
🇹🇼 Persians · Taiwan
978
-22
ASneakyPoop
6:27 Loom
10:52 Feudal Age
15:15 Scale Barding Armor
22:50 Bloodlines
26:15 Castle Age
24:17 Double-Bit Axe
24:50 Horse Collar
26:05 Town Watch
26:55 Wheelbarrow
26:23 Light Cavalry
27:12 Husbandry
29:32 Chain Barding Armor
34:42 Pikeman
37:09 Corvinian Army
41:00 Scale Mail Armor
Requejo
11:03 Feudal Age
11:54 Double-Bit Axe
15:40 Fletching
21:42 Castle Age
20:50 Padded Archer Armor
21:03 Horse Collar
21:18 Gold Mining
21:33 Stone Mining
22:28 Bloodlines
23:20 Husbandry
22:53 Elite Skirmisher
25:26 Scale Barding Armor
27:03 Wheelbarrow
27:39 Forging
27:46 Leather Archer Armor
28:01 Heavy Plow
30:11 Bodkin Arrow
30:51 Iron Casting
31:38 Chain Barding Armor
33:35 Stone Shaft Mining
33:36 Gold Shaft Mining
36:09 Imperial Age
34:01 Squires
33:53 Gambesons
36:57 Scale Mail Armor
37:58 Blast Furnace
36:49 Elite Fire Lancer
41:06 Ballistics
41:49 Chemistry
41:31 Bow Saw
42:27 Chain Mail Armor
42:43 Ring Archer Armor
42:15 Bracer
43:35 Conscription
45:29 Hand Cart
44:59 Town Watch
JIE
7:21 Loom
9:22 Feudal Age
13:34 Fletching
24:40 Castle Age
23:08 Horse Collar
23:15 Double-Bit Axe
25:01 Padded Archer Armor
24:49 Crossbowman
44:33 Wheelbarrow
洗米露
6:59 Loom
10:25 Feudal Age
13:50 Double-Bit Axe
13:51 Horse Collar
16:58 Castle Age
19:01 Bow Saw
19:35 Heavy Plow
26:02 Wheelbarrow
26:12 Town Watch
29:47 Imperial Age
28:02 Scale Barding Armor
28:08 Forging
28:41 Hand Cart
28:47 Bloodlines
28:38 Husbandry
30:38 Chain Barding Armor
30:54 Iron Casting
31:42 Two-Man Saw
32:47 Plate Barding Armor
33:51 Ballistics
34:31 Chemistry
35:13 Conscription
36:23 Cavalier
39:32 Blast Furnace
39:10 Gold Mining
39:54 Crop Rotation
39:44 Light Cavalry
40:58 Town Patrol
40:34 Savar
43:04 Town Patrol
43:59 Hussar
Connection lost

Rejoining the realm…

Still unreachable

The connection could not be restored.

Session expired

The server has moved on; the page needs a fresh start.